Ice Dragons vs Punishers
(R1)
Created - April 16, 2020 at 19:24
Goals
|
| Ice Dragons |
0 |
0 |
4 |
4 |
| Punishers |
6 |
0 |
2 |
8 |
|
Shots
|
| Ice Dragons |
3 |
5 |
11 |
19 |
| Punishers |
14 |
12 |
17 |
43 |
|
1st period
1. Punishers , Elias Lindholm 8 (Slava Voynov 45, Carter Ashton 37) at 8:49 (PP)
2. Punishers , Brett Kulak 3 (Nikita Gusev 16, Madison Bowey 20) at 11:29
3. Punishers , Carter Ashton 20 (Elias Lindholm 20) at 15:11
4. Punishers , Carter Ashton 21 (Slava Voynov 46, Keith Yandle 22) at 15:55 (PP)
5. Punishers , Nikita Gusev 15 (Slava Voynov 47, Andreas Athanasiou 29) at 17:41
6. Punishers , Carter Ashton 22 (Andreas Athanasiou 30) at 18:42 (SH)
Penalties :
Adam Clendening (Kin) for Slashing (Minor) at 8:45, Brian Boyle (Kin) for Tripping (Minor) at 15:18, Radek Faksa (Pro) for Hooking (Minor) at 17:55
2nd period
No Goal
Penalties :
Zach Trotman (Kin) for Interference (Minor) at 11:34, Michael Joly (Pro) for High sticking (Minor) at 14:07, Sam Carrick (Kin) for Holding (Minor) at 18:17
3rd period
7. Punishers , Robbie Earl 35 (Radek Faksa 26, Slava Voynov 48) at 0:10 (PP)
8. Ice Dragons , Brandon Kozun 31 (Kevin Connauton 40, Brian Boyle 61) at 0:16
9. Ice Dragons , Brandon Kozun 32 (Brayden McNabb 63, Jordan LaVallee 59) at 3:03 (PP)
10. Ice Dragons , Jordan LaVallee 49 (Brian Boyle 62) at 7:38 (PP)
11. Punishers , Andreas Athanasiou 23 (Slava Voynov 49, Carter Ashton 38) at 12:16
12. Ice Dragons , Brian Boyle 42 (Jordan LaVallee 60) at 14:46
Penalties :
Brett Kulak (Pro) for Holding (Minor) at 2:55, Daniel Audette (Pro) for Holding Stick (Minor) at 7:25, Brayden McNabb (Kin) for Tripping (Minor) at 8:01, Boone Jenner (Kin) for High sticking (Minor) at 13:01, Robbie Earl (Pro) for Hooking (Minor) at 14:18, Brian Boyle (Kin) for Tripping (Minor) at 18:18
Goalie Stats
Oscar Dansk (Kin), 8 saves from 12 shots - (0.667), 15:55 minutes
Harru Sateri (Kin), 27 saves from 31 shots - (0.871), L, 30-18-6, 44:05 minutes
Louis Domingue (Pro), 15 saves from 19 shots - (0.789), W, 28-24-2, 60:00 minutes
Players Stats for Ice Dragons
Player Name G A P +/- PIM S H SB GA TA FO MP PP MP PK MP
------------------------------------------------------------------------------------
Adam Clendening 0 0 0 -1 2 0 1 0 0 0 0/0 21:05 2:05 5:01
Billy Sweat 0 0 0 -3 0 1 1 0 0 0 0/0 16:26 2:35 0:00
Boone Jenner 0 0 0 -3 2 2 1 1 0 1 2/5 18:15 2:41 1:28
Brandon Kozun 2 0 2 0 0 3 2 0 0 0 0/1 16:31 2:55 0:00
Brayden McNabb 0 1 1 -1 2 1 1 0 0 2 0/0 27:31 3:31 3:14
Brian Boyle 1 2 3 1 4 2 2 0 1 0 18/33 21:25 3:01 4:05
Chris Wagner 0 0 0 -1 0 0 0 0 0 0 0/1 11:00 0:00 0:00
Corban Knight 0 0 0 -1 0 0 3 0 1 1 3/6 13:54 0:00 2:35
Jerome Gauthier-Leduc 0 0 0 -1 0 0 1 0 0 0 0/0 10:37 0:00 0:27
Jordan LaVallee 1 2 3 1 0 4 1 2 0 0 8/14 26:36 3:01 6:07
Justin Shugg 0 0 0 -3 0 0 2 0 0 1 0/0 16:26 2:35 0:00
Kevin Connauton 0 1 1 -1 0 1 1 1 2 2 0/0 28:47 3:31 4:29
Logan MacMillan 0 0 0 -1 0 0 3 0 0 0 0/0 11:00 0:00 0:00
Phil Di Giuseppe 0 0 0 0 0 0 0 0 0 0 0/0 2:16 0:00 0:00
Robin Norell 0 0 0 -1 0 0 0 0 0 0 0/0 11:57 0:00 1:50
Sam Carrick 0 0 0 0 2 0 0 0 0 0 1/2 7:41 0:00 2:16
William Carrier 0 0 0 0 0 3 1 0 0 0 0/1 7:55 0:00 2:29
Zach Trotman 0 0 0 -1 2 2 2 3 1 0 0/0 20:19 2:05 3:59
Players Stats for Punishers
Player Name G A P +/- PIM S H SB GA TA FO MP PP MP PK MP
------------------------------------------------------------------------------------
Alex Schoenborn 0 0 0 0 0 0 0 0 0 0 0/0 1:31 0:00 1:26
Andreas Athanasiou 1 2 3 3 0 3 1 1 0 0 0/0 17:28 3:40 1:52
Anton Blidh 0 0 0 0 0 0 0 0 0 0 0/0 0:00 0:00 0:00
Austen Brassard 0 0 0 0 0 1 4 0 0 0 1/1 10:11 0:00 0:00
Ben Betker 0 0 0 2 0 0 0 0 0 0 0/0 8:13 0:00 0:00
Brett Kulak 1 0 1 2 2 2 1 2 0 0 0/0 22:36 3:26 2:20
Carter Ashton 3 2 5 3 0 4 2 0 1 1 1/1 16:05 3:40 0:55
Daniel Audette 0 0 0 2 2 1 0 0 0 0 1/3 8:32 0:00 0:00
Elias Lindholm 1 1 2 2 0 1 1 0 1 0 5/10 15:10 3:40 0:00
John Macfarland 0 0 0 -1 0 0 0 0 0 0 1/3 1:18 0:00 0:16
John Quenneville 0 0 0 0 0 1 0 0 0 0 1/3 10:11 0:00 0:00
Keith Yandle 0 1 1 -1 0 6 2 2 2 2 0/0 30:50 6:04 3:16
Madison Bowey 0 1 1 2 0 2 6 1 1 1 0/0 23:43 3:26 2:20
Michael Joly 0 0 0 2 2 1 0 0 0 0 0/0 8:33 0:00 0:00
Miikka Salomaki 0 0 0 -2 0 3 0 1 1 0 3/5 23:53 5:50 3:24
Nikita Gusev 1 1 2 2 0 4 1 0 0 0 0/0 8:33 0:00 0:00
Radek Faksa 0 1 1 -1 2 1 0 0 0 1 13/28 22:12 5:50 0:37
Robbie Earl 1 0 1 -1 2 4 2 1 0 0 5/9 22:23 5:49 2:42
Slava Voynov 0 5 5 1 0 6 2 0 0 0 0/0 32:04 6:04 3:16
Tyler Bertuzzi 0 0 0 0 0 3 1 1 1 0 0/0 10:11 0:00 0:00
3 Stars
1 - Carter Ashton (Pro)
2 - Slava Voynov (Pro)
3 - Andreas Athanasiou (Pro)
Power Play
Ice Dragons - 2 on 5 Attempt(s) - 40.00%
Punishers - 3 on 7 Attempt(s) - 42.86%
Penalty Kill
Ice Dragons - 4 on 7 Attempt(s) - 57.14%
- Score 0 goal in Penalty Kill
Punishers - 3 on 5 Attempt(s) - 60.00%
- Score 1 goal in Penalty Kill
Team Stat
Ice Dragons - Hits : 22 - Faceoff Wins : 32 - Blocked Shots : 7 - Penalty Minutes : 14
Punishers - Hits : 23 - Faceoff Wins : 31 - Blocked Shots : 9 - Penalty Minutes : 10
Official
Referees : Unknown
Linesman : Unknown
Game Notes
Harru Sateri enters game at 15:55 of 1st period
Carter Ashton has scored a Hat Trick!
Finance
Level 1 -- Attendance: 1399 (69.95%) -- Ticket Income $55,960
Level 2 -- Attendance: 651 (65.10%) -- Ticket Income $13,020
Total Attendance: 2050 (68.33%)
Total Ticket Income: $68,980
Other Income: $3,449
Total Income: $72,429
Ice Dragons
5 vs 5 Forward
Center Left Wing Right Wing Time % Phy DF OF
1 Brian Boyle Jordan LaVallee Brandon Kozun 40 1 2 2
2 Boone Jenner Billy Sweat Justin Shugg 30 1 2 2
3 Corban Knight Logan MacMillan Chris Wagner 20 1 2 2
4 Sam Carrick William Carrier Jordan LaVallee 10 1 2 2
5 vs 5 Defense
Defense Defense Time % Phy DF OF
1 Brayden McNabb Kevin Connauton 40 1 2 2
2 Zach Trotman Adam Clendening 30 1 2 2
3 Jerome Gauthier-Leduc Robin Norell 20 1 2 2
4 Brayden McNabb Kevin Connauton 10 1 2 2
PowerPlay Forward
Center Left Wing Right Wing Time % Phy DF OF
1 Brian Boyle Jordan LaVallee Brandon Kozun 60 1 2 2
2 Boone Jenner Billy Sweat Justin Shugg 40 1 2 2
PowerPlay Defense
Defense Defense Time % Phy DF OF
1 Brayden McNabb Kevin Connauton 60 1 2 2
2 Zach Trotman Adam Clendening 40 1 2 2
Penalty Kill 4 Players Forward
Center Wing Time % Phy DF OF
1 Jordan LaVallee Brian Boyle 60 1 2 2
2 Boone Jenner Corban Knight 40 1 2 2
Penalty Kill 4 Players Defense
Defense Defense Time % Phy DF OF
1 Brayden McNabb Kevin Connauton 60 1 2 2
2 Zach Trotman Adam Clendening 40 1 2 2
Penalty Kill - 3 Players Forward
Forward Time % Phy DF OF
1 Jordan LaVallee 60 1 2 2
2 Brian Boyle 40 1 2 2
Penalty Kill - 3 Players Defense
Defense Defense Time % Phy DF OF
1 Brayden McNabb Kevin Connauton 60 1 2 2
2 Zach Trotman Adam Clendening 40 1 2 2
4 vs 4 Forward
Center Wing Time % Phy DF OF
1 Jordan LaVallee Brian Boyle 60 1 2 2
2 Boone Jenner Corban Knight 40 1 2 2
4 vs 4 Defense
Defense Defense Time % Phy DF OF
1 Brayden McNabb Kevin Connauton 60 1 2 2
2 Zach Trotman Adam Clendening 40 1 2 2
Last Minutes Offensive
Center Left Wing Right Wing Defense Defense
Brian Boyle Jordan LaVallee Brandon Kozun Brayden McNabb Kevin Connauton
Last Minutes Defensive
Center Left Wing Right Wing Defense Defense
Brian Boyle Jordan LaVallee Brandon Kozun Brayden McNabb Kevin Connauton
Goaltenders
Starting : Oscar Dansk
Backup : Harru Sateri
Extra Forwards
Normal : Phil Di Giuseppe, Logan MacMillan, Sam Carrick - PP : Phil Di Giuseppe, Logan MacMillan - PK : Sam Carrick
Extra Defensemen
Normal : Jerome Gauthier-Leduc, Robin Norell, Zach Trotman - PP : Jerome Gauthier-Leduc - PK : Robin Norell, Zach Trotman
Penalty Shots
Jordan LaVallee, Brian Boyle, Boone Jenner, Corban Knight, Billy Sweat
Scratches
Thomas Gobeil (Healthy), Theodor Blueger (Healthy), Alex Henriksson (Healthy), Emil Pettersson (Healthy), Cole Ully (Healthy)
Alex Plante (Healthy), Juho Lammikko (Healthy), Samuel Groulx (Right Ankle Injury)
Punishers
5 vs 5 Forward
Center Left Wing Right Wing Time % Phy DF OF
1 Radek Faksa Robbie Earl Miikka Salomaki 40 1 2 2
2 Elias Lindholm Andreas Athanasiou Carter Ashton 30 1 2 2
3 John Quenneville Tyler Bertuzzi Austen Brassard 20 1 2 2
4 Daniel Audette Nikita Gusev Michael Joly 10 1 2 2
5 vs 5 Defense
Defense Defense Time % Phy DF OF
1 Slava Voynov Keith Yandle 40 1 2 2
2 Madison Bowey Brett Kulak 30 1 2 2
3 Ben Betker Slava Voynov 20 1 2 2
4 Keith Yandle Madison Bowey 10 1 2 2
PowerPlay Forward
Center Left Wing Right Wing Time % Phy DF OF
1 Radek Faksa Robbie Earl Miikka Salomaki 60 1 2 2
2 Elias Lindholm Andreas Athanasiou Carter Ashton 40 1 2 2
PowerPlay Defense
Defense Defense Time % Phy DF OF
1 Slava Voynov Keith Yandle 60 1 2 2
2 Madison Bowey Brett Kulak 40 1 2 2
Penalty Kill 4 Players Forward
Center Wing Time % Phy DF OF
1 Robbie Earl Miikka Salomaki 60 1 2 2
2 Andreas Athanasiou Carter Ashton 40 1 2 2
Penalty Kill 4 Players Defense
Defense Defense Time % Phy DF OF
1 Slava Voynov Keith Yandle 60 1 2 2
2 Madison Bowey Brett Kulak 40 1 2 2
Penalty Kill - 3 Players Forward
Forward Time % Phy DF OF
1 Robbie Earl 60 1 2 2
2 Miikka Salomaki 40 1 2 2
Penalty Kill - 3 Players Defense
Defense Defense Time % Phy DF OF
1 Slava Voynov Keith Yandle 60 1 2 2
2 Madison Bowey Brett Kulak 40 1 2 2
4 vs 4 Forward
Center Wing Time % Phy DF OF
1 Robbie Earl Miikka Salomaki 60 1 2 2
2 Andreas Athanasiou Carter Ashton 40 1 2 2
4 vs 4 Defense
Defense Defense Time % Phy DF OF
1 Slava Voynov Keith Yandle 60 1 2 2
2 Madison Bowey Brett Kulak 40 1 2 2
Last Minutes Offensive
Center Left Wing Right Wing Defense Defense
Radek Faksa Robbie Earl Miikka Salomaki Slava Voynov Keith Yandle
Last Minutes Defensive
Center Left Wing Right Wing Defense Defense
Radek Faksa Robbie Earl Miikka Salomaki Slava Voynov Keith Yandle
Goaltenders
Starting : Louis Domingue
Backup : Daniel Altshuller
Extra Forwards
Normal : John Macfarland, Anton Blidh, Alex Schoenborn - PP : John Macfarland, Anton Blidh - PK : Alex Schoenborn
Extra Defensemen
Normal : Ben Betker, Brett Kulak, Slava Voynov - PP : Ben Betker - PK : Brett Kulak, Slava Voynov
Penalty Shots
Robbie Earl, Miikka Salomaki, Andreas Athanasiou, Carter Ashton, Radek Faksa
Scratches
Zack Hamill (Healthy), Ivan Nalimov (Healthy)
% Time on Ice - Ice Dragons
Lines # - Real PCT - Wanted PCT - Time Play
Normal Forward
1 - 31% - 40% - 13:39
2 - 32% - 30% - 14:07
3 - 25% - 20% - 11:00
4 - 12% - 10% - 5:26
Normal Defense
1 - 42% - 40% - 18:29
2 - 32% - 30% - 14:00
3 - 23% - 20% - 10:07
4 - 4% - 10% - 1:36
PP Forward
1 - 54% - 60% - 3:01
2 - 46% - 40% - 2:35
PP Defense
1 - 63% - 60% - 3:31
2 - 37% - 40% - 2:05
PK Forward
1 - 79% - 60% - 7:31
2 - 21% - 40% - 1:59
PK Defense
1 - 47% - 60% - 4:29
2 - 53% - 40% - 5:01
PK3 Forward
1 - 0% - 60%
2 - 0% - 40%
PK3 Defense
1 - 0% - 60%
2 - 0% - 40%
44 Forward
1 - 100% - 60% - 0:42
2 - 0% - 40% - 0:00
44 Defense
1 - 100% - 60% - 0:42
2 - 0% - 40% - 0:00
Last Minute Offensive - 0:00
Last Minute Defensive - 0:00
Total
Forward - 60:00
Defense - 60:00
|
% Time on Ice - Punishers
Lines # - Real PCT - Wanted PCT - Time Play
Normal Forward
1 - 32% - 40% - 13:58
2 - 26% - 30% - 11:30
3 - 23% - 20% - 10:11
4 - 19% - 10% - 8:33
Normal Defense
1 - 40% - 40% - 17:50
2 - 35% - 30% - 15:29
3 - 19% - 20% - 8:16
4 - 6% - 10% - 2:37
PP Forward
1 - 61% - 60% - 5:50
2 - 39% - 40% - 3:40
PP Defense
1 - 64% - 60% - 6:04
2 - 36% - 40% - 3:26
PK Forward
1 - 84% - 60% - 4:41
2 - 16% - 40% - 0:55
PK Defense
1 - 58% - 60% - 3:16
2 - 42% - 40% - 2:20
PK3 Forward
1 - 0% - 60%
2 - 0% - 40%
PK3 Defense
1 - 0% - 60%
2 - 0% - 40%
44 Forward
1 - 100% - 60% - 0:42
2 - 0% - 40% - 0:00
44 Defense
1 - 100% - 60% - 0:42
2 - 0% - 40% - 0:00
Last Minute Offensive - 0:00
Last Minute Defensive - 0:00
Total
Forward - 60:00
Defense - 60:00
|
Play-by-Play
1st period
0:01 of 1st period - Brian Boyle wins face-off versus Radek Faksa in neutral zone.
0:32 of 1st period - Wrist shot by Billy Sweat.
0:32 of 1st period - Shot Misses the Net.
0:34 of 1st period - Wrist shot by Zach Trotman.
0:34 of 1st period - Stopped by Louis Domingue with a rebound.
0:36 of 1st period - Slapshot by Adam Clendening.
0:36 of 1st period - Deflect By Boone Jenner.
0:36 of 1st period - Shot Misses the Net.
0:36 of 1st period - Puck is out of play.
0:37 of 1st period - Austen Brassard wins face-off versus Corban Knight in Punishers zone.
0:37 of 1st period - Austen Brassard is hit by Jerome Gauthier-Leduc.
0:55 of 1st period - Madison Bowey is hit by Logan MacMillan and loses puck.
1:23 of 1st period - Snap shot by Tyler Bertuzzi.
1:23 of 1st period - Stopped by Oscar Dansk with a rebound.
1:31 of 1st period - Snap shot by John Quenneville.
1:31 of 1st period - Stopped by Oscar Dansk without a rebound.
1:32 of 1st period - Radek Faksa wins face-off versus Jordan LaVallee in Ice Dragons zone.
2:05 of 1st period - Snap shot by Carter Ashton.
2:05 of 1st period - Shot Blocked by Zach Trotman.
2:11 of 1st period - Slapshot by Carter Ashton.
2:11 of 1st period - Shot Misses the Net.
2:31 of 1st period - Snap shot by Keith Yandle.
2:31 of 1st period - Stopped by Oscar Dansk with a rebound.
2:39 of 1st period - Boone Jenner is hit by Madison Bowey and loses puck.
2:54 of 1st period - Slapshot by Zach Trotman.
2:54 of 1st period - Deflect By Jordan LaVallee.
2:54 of 1st period - Shot Misses the Net.
2:54 of 1st period - Puck is out of play.
2:55 of 1st period - Elias Lindholm wins face-off versus Sam Carrick in Punishers zone.
4:23 of 1st period - Kevin Connauton is hit by Madison Bowey and loses puck.
4:26 of 1st period - Slapshot by Brayden McNabb.
4:26 of 1st period - Shot Misses the Net.
4:28 of 1st period - Snap shot by Corban Knight.
4:28 of 1st period - Shot Blocked by Andreas Athanasiou.
4:47 of 1st period - Wrist shot by Robbie Earl.
4:47 of 1st period - Deflect By Brian Boyle.
4:47 of 1st period - Stopped by Oscar Dansk with a rebound.
5:01 of 1st period - Jordan LaVallee is hit by Nikita Gusev and loses puck.
5:52 of 1st period - Robbie Earl is hit by Brandon Kozun and loses puck.
7:14 of 1st period - Zach Trotman is hit by Madison Bowey.
7:50 of 1st period - Jerome Gauthier-Leduc is hit by Madison Bowey.
7:54 of 1st period - Snap shot by William Carrier.
7:54 of 1st period - Stopped by Louis Domingue with a rebound.
8:11 of 1st period - Brandon Kozun is hit by Keith Yandle and loses puck.
8:45 of 1st period - Minor Penalty to Adam Clendening for Slashing.
8:46 of 1st period - Carter Ashton wins face-off versus Jordan LaVallee in Ice Dragons zone.
8:47 of 1st period - Slapshot by Slava Voynov.
8:47 of 1st period - Stopped by Oscar Dansk with a rebound.
8:49 of 1st period - Snap shot by Elias Lindholm.
8:49 of 1st period - Goal by Elias Lindholm - Ice Dragons : 0 - Punishers : 1.
8:50 of 1st period - Brian Boyle wins face-off versus Radek Faksa in neutral zone.
9:38 of 1st period - Brett Kulak is hit by Corban Knight and loses puck.
11:13 of 1st period - Snap shot by Nikita Gusev.
11:13 of 1st period - Shot Misses the Net.
11:15 of 1st period - Slapshot by Brett Kulak.
11:15 of 1st period - Shot Misses the Net.
11:17 of 1st period - Snap shot by Madison Bowey.
11:17 of 1st period - Stopped by Oscar Dansk with a rebound.
11:19 of 1st period - Wrist shot by Daniel Audette.
11:19 of 1st period - Shot Misses the Net.
11:29 of 1st period - Slapshot by Brett Kulak.
11:29 of 1st period - Goal by Brett Kulak - Ice Dragons : 0 - Punishers : 2.
11:30 of 1st period - Brian Boyle wins face-off versus Robbie Earl in neutral zone.
11:57 of 1st period - Boone Jenner is hit by Carter Ashton and loses puck.
12:11 of 1st period - Icing by Slava Voynov.
12:12 of 1st period - Elias Lindholm wins face-off versus Corban Knight in Punishers zone.
12:19 of 1st period - Wrist shot by Miikka Salomaki.
12:19 of 1st period - Shot Misses the Net.
12:41 of 1st period - Wrist shot by Billy Sweat.
12:41 of 1st period - Stopped by Louis Domingue without a rebound.
12:42 of 1st period - Boone Jenner wins face-off versus Elias Lindholm in Punishers zone.
12:45 of 1st period - Wrist shot by Boone Jenner.
12:45 of 1st period - Shot Misses the Net.
13:09 of 1st period - Brayden McNabb is hit by Austen Brassard and loses puck.
13:34 of 1st period - Snap shot by Billy Sweat.
13:34 of 1st period - Shot Blocked by Madison Bowey.
13:36 of 1st period - Slapshot by Kevin Connauton.
13:36 of 1st period - Shot Misses the Net.
13:38 of 1st period - Wrist shot by Boone Jenner.
13:38 of 1st period - Deflect By Billy Sweat.
13:38 of 1st period - Shot Misses the Net.
13:38 of 1st period - Puck is out of play.
13:39 of 1st period - Brian Boyle wins face-off versus Radek Faksa in Punishers zone.
14:27 of 1st period - Slava Voynov is hit by William Carrier and loses puck.
15:09 of 1st period - Slapshot by Miikka Salomaki.
15:09 of 1st period - Deflect By Robbie Earl.
15:09 of 1st period - Stopped by Oscar Dansk without a rebound.
15:10 of 1st period - Elias Lindholm wins face-off versus Boone Jenner in Ice Dragons zone.
15:11 of 1st period - Snap shot by Carter Ashton.
15:11 of 1st period - Goal by Carter Ashton - Ice Dragons : 0 - Punishers : 3.
15:12 of 1st period - Radek Faksa wins face-off versus Brian Boyle in neutral zone.
15:18 of 1st period - Minor Penalty to Brian Boyle for Tripping.
15:19 of 1st period - Jordan LaVallee wins face-off versus Radek Faksa in Ice Dragons zone.
15:49 of 1st period - Wrist shot by Slava Voynov.
15:49 of 1st period - Shot Misses the Net.
15:51 of 1st period - Slapshot by Keith Yandle.
15:51 of 1st period - Deflect By Jordan LaVallee.
15:51 of 1st period - Stopped by Oscar Dansk with a rebound.
15:53 of 1st period - Slapshot by Keith Yandle.
15:53 of 1st period - Shot Blocked by Jordan LaVallee.
15:55 of 1st period - Slapshot by Slava Voynov.
15:55 of 1st period - Deflect By Carter Ashton.
15:55 of 1st period - Goal by Carter Ashton - Ice Dragons : 0 - Punishers : 4.
15:55 of 1st period - Harru Sateri enters game.
15:56 of 1st period - Miikka Salomaki wins face-off versus Brandon Kozun in neutral zone.
16:16 of 1st period - Icing by Slava Voynov.
16:17 of 1st period - Radek Faksa wins face-off versus Boone Jenner in Punishers zone.
17:13 of 1st period - Snap shot by Tyler Bertuzzi.
17:13 of 1st period - Shot Misses the Net.
17:41 of 1st period - Snap shot by Nikita Gusev.
17:41 of 1st period - Goal by Nikita Gusev - Ice Dragons : 0 - Punishers : 5.
17:42 of 1st period - Radek Faksa wins face-off versus Brian Boyle in neutral zone.
17:48 of 1st period - Off-side.
17:49 of 1st period - Brian Boyle wins face-off versus Radek Faksa in neutral zone.
17:55 of 1st period - Minor Penalty to Radek Faksa for Hooking.
17:56 of 1st period - Robbie Earl wins face-off versus Brian Boyle in Punishers zone.
18:28 of 1st period - Slapshot by Brayden McNabb.
18:28 of 1st period - Shot Blocked by Miikka Salomaki.
18:30 of 1st period - Snap shot by Justin Shugg.
18:30 of 1st period - Shot Blocked by Robbie Earl.
18:42 of 1st period - Wrist shot by Carter Ashton.
18:42 of 1st period - Goal by Carter Ashton - Ice Dragons : 0 - Punishers : 6.
18:43 of 1st period - Brian Boyle wins face-off versus Robbie Earl in neutral zone.
18:52 of 1st period - Snap shot by Jordan LaVallee.
18:52 of 1st period - Shot Misses the Net.
19:55 of 1st period - Penalty to Radek Faksa is over, Radek Faksa is back on ice.
Goals for this period are 0 for Ice Dragons vs 6 for Punishers.
Shots for this period are 3 for Ice Dragons vs 14 for Punishers.
2nd period
0:01 of 2nd period - Brian Boyle wins face-off versus Radek Faksa in neutral zone.
0:31 of 2nd period - Wrist shot by Andreas Athanasiou.
0:31 of 2nd period - Deflect By Carter Ashton.
0:31 of 2nd period - Shot Misses the Net.
0:31 of 2nd period - Puck is out of play.
0:32 of 2nd period - Brian Boyle wins face-off versus Elias Lindholm in Ice Dragons zone.
0:32 of 2nd period - Brian Boyle is hit by Brett Kulak.
1:26 of 2nd period - Snap shot by Boone Jenner.
1:26 of 2nd period - Shot Misses the Net.
3:04 of 2nd period - Jordan LaVallee is hit by Carter Ashton and loses puck.
3:19 of 2nd period - Ben Betker is hit by Logan MacMillan and loses puck.
3:34 of 2nd period - Sam Carrick is hit by Slava Voynov and loses puck.
4:12 of 2nd period - Robin Norell is hit by Andreas Athanasiou and loses puck.
5:05 of 2nd period - Zach Trotman is hit by Madison Bowey and loses puck.
5:41 of 2nd period - Jordan LaVallee is hit by Slava Voynov.
5:58 of 2nd period - Daniel Audette is hit by Corban Knight and loses puck.
6:53 of 2nd period - Corban Knight is hit by Tyler Bertuzzi and loses puck.
6:57 of 2nd period - Icing by Brayden McNabb.
6:58 of 2nd period - Corban Knight wins face-off versus Daniel Audette in Ice Dragons zone.
7:13 of 2nd period - Michael Joly is hit by Kevin Connauton.
7:23 of 2nd period - Snap shot by Jordan LaVallee.
7:23 of 2nd period - Shot Misses the Net.
7:43 of 2nd period - Wrist shot by Michael Joly.
7:43 of 2nd period - Stopped by Harru Sateri with a rebound.
7:45 of 2nd period - Snap shot by Daniel Audette.
7:45 of 2nd period - Stopped by Harru Sateri with a rebound.
7:47 of 2nd period - Wrist shot by Nikita Gusev.
7:47 of 2nd period - Shot Misses the Net.
7:49 of 2nd period - Snap shot by Nikita Gusev.
7:49 of 2nd period - Stopped by Harru Sateri with a rebound.
7:51 of 2nd period - Wrist shot by Michael Joly.
7:51 of 2nd period - Shot Blocked by Boone Jenner.
7:53 of 2nd period - Slapshot by Brett Kulak.
7:53 of 2nd period - Stopped by Harru Sateri with a rebound.
7:57 of 2nd period - Snap shot by Nikita Gusev.
7:57 of 2nd period - Shot Misses the Net.
7:59 of 2nd period - Snap shot by Nikita Gusev.
7:59 of 2nd period - Stopped by Harru Sateri without a rebound.
8:00 of 2nd period - Brian Boyle wins face-off versus Miikka Salomaki in Ice Dragons zone.
8:36 of 2nd period - Slapshot by Keith Yandle.
8:36 of 2nd period - Deflect By Corban Knight.
8:36 of 2nd period - Stopped by Harru Sateri with a rebound.
8:52 of 2nd period - Andreas Athanasiou is hit by Jordan LaVallee and loses puck.
9:12 of 2nd period - Billy Sweat is hit by Austen Brassard and loses puck.
9:17 of 2nd period - Snap shot by Austen Brassard.
9:17 of 2nd period - Stopped by Harru Sateri without a rebound.
9:18 of 2nd period - Brian Boyle wins face-off versus John Quenneville in Ice Dragons zone.
10:07 of 2nd period - Michael Joly is hit by Justin Shugg and loses puck.
10:20 of 2nd period - Justin Shugg is hit by Keith Yandle and loses puck.
10:35 of 2nd period - Carter Ashton is hit by Brian Boyle and loses puck.
10:40 of 2nd period - Snap shot by Jordan LaVallee.
10:40 of 2nd period - Shot Misses the Net.
10:46 of 2nd period - Wrist shot by Brian Boyle.
10:46 of 2nd period - Stopped by Louis Domingue with a rebound.
10:48 of 2nd period - Snap shot by Brian Boyle.
10:48 of 2nd period - Shot Blocked by Brett Kulak.
11:23 of 2nd period - Wrist shot by William Carrier.
11:23 of 2nd period - Stopped by Louis Domingue with a rebound.
11:34 of 2nd period - Minor Penalty to Zach Trotman for Interference.
11:35 of 2nd period - Jordan LaVallee wins face-off versus Radek Faksa in Ice Dragons zone.
11:48 of 2nd period - Robin Norell is hit by Robbie Earl.
13:34 of 2nd period - Penalty to Zach Trotman is over, Zach Trotman is back on ice.
13:38 of 2nd period - Snap shot by Jordan LaVallee.
13:38 of 2nd period - Stopped by Louis Domingue with a rebound.
13:49 of 2nd period - Off-side.
13:50 of 2nd period - Boone Jenner wins face-off versus Daniel Audette in neutral zone.
13:57 of 2nd period - Snap shot by Boone Jenner.
13:57 of 2nd period - Stopped by Louis Domingue with a rebound.
13:59 of 2nd period - Slapshot by Adam Clendening.
13:59 of 2nd period - Shot Misses the Net.
14:01 of 2nd period - Snap shot by Boone Jenner.
14:01 of 2nd period - Stopped by Louis Domingue with a rebound.
14:07 of 2nd period - Minor Penalty to Michael Joly for High sticking.
14:08 of 2nd period - Robbie Earl wins face-off versus Brian Boyle in Punishers zone.
14:42 of 2nd period - Brett Kulak is hit by Justin Shugg and loses puck.
15:01 of 2nd period - Brett Kulak is hit by Adam Clendening and loses puck.
15:18 of 2nd period - Slava Voynov is hit by Brayden McNabb and loses puck.
16:07 of 2nd period - Penalty to Michael Joly is over, Michael Joly is back on ice.
16:23 of 2nd period - John Quenneville is hit by Zach Trotman.
16:52 of 2nd period - Icing by Jerome Gauthier-Leduc.
16:53 of 2nd period - Radek Faksa wins face-off versus William Carrier in Ice Dragons zone.
16:56 of 2nd period - Snap shot by Robbie Earl.
16:56 of 2nd period - Stopped by Harru Sateri without a rebound.
16:57 of 2nd period - Radek Faksa wins face-off versus Brian Boyle in Ice Dragons zone.
17:10 of 2nd period - Wrist shot by Miikka Salomaki.
17:10 of 2nd period - Deflect By Radek Faksa.
17:10 of 2nd period - Stopped by Harru Sateri without a rebound.
17:11 of 2nd period - Radek Faksa wins face-off versus Brian Boyle in Ice Dragons zone.
17:12 of 2nd period - Slapshot by Miikka Salomaki.
17:12 of 2nd period - Stopped by Harru Sateri without a rebound.
17:13 of 2nd period - Radek Faksa wins face-off versus Brian Boyle in Ice Dragons zone.
17:24 of 2nd period - Miikka Salomaki is hit by Brian Boyle and loses puck.
17:29 of 2nd period - Wrist shot by Jordan LaVallee.
17:29 of 2nd period - Shot Blocked by Keith Yandle.
17:44 of 2nd period - Slapshot by Slava Voynov.
17:44 of 2nd period - Stopped by Harru Sateri with a rebound.
18:17 of 2nd period - Minor Penalty to Sam Carrick for Holding.
18:18 of 2nd period - Radek Faksa wins face-off versus Jordan LaVallee in Ice Dragons zone.
18:23 of 2nd period - Wrist shot by Miikka Salomaki.
18:23 of 2nd period - Stopped by Harru Sateri with a rebound.
18:27 of 2nd period - Snap shot by Robbie Earl.
18:27 of 2nd period - Shot Blocked by Zach Trotman.
18:53 of 2nd period - Slapshot by Boone Jenner.
18:53 of 2nd period - Deflect By Corban Knight.
18:53 of 2nd period - Shot Misses the Net.
18:53 of 2nd period - Puck is out of play.
18:54 of 2nd period - Elias Lindholm wins face-off versus Jordan LaVallee in Punishers zone.
Goals for this period are 0 for Ice Dragons vs 0 for Punishers.
Shots for this period are 5 for Ice Dragons vs 12 for Punishers.
3rd period
0:01 of 3rd period - Radek Faksa wins face-off versus Jordan LaVallee in neutral zone.
0:06 of 3rd period - Snap shot by Slava Voynov.
0:06 of 3rd period - Stopped by Harru Sateri with a rebound.
0:08 of 3rd period - Snap shot by Radek Faksa.
0:08 of 3rd period - Shot Misses the Net.
0:10 of 3rd period - Slapshot by Robbie Earl.
0:10 of 3rd period - Goal by Robbie Earl - Ice Dragons : 0 - Punishers : 7.
0:11 of 3rd period - Brian Boyle wins face-off versus Radek Faksa in neutral zone.
0:14 of 3rd period - Slapshot by Kevin Connauton.
0:14 of 3rd period - Shot Misses the Net.
0:16 of 3rd period - Wrist shot by Brandon Kozun.
0:16 of 3rd period - Goal by Brandon Kozun - Ice Dragons : 1 - Punishers : 7.
0:17 of 3rd period - Brian Boyle wins face-off versus Robbie Earl in neutral zone.
0:28 of 3rd period - Slapshot by Robbie Earl.
0:28 of 3rd period - Shot Misses the Net.
0:30 of 3rd period - Slapshot by Keith Yandle.
0:30 of 3rd period - Stopped by Harru Sateri with a rebound.
0:58 of 3rd period - Icing by Billy Sweat.
0:59 of 3rd period - John Quenneville wins face-off versus Corban Knight in Ice Dragons zone.
1:00 of 3rd period - Slapshot by Keith Yandle.
1:00 of 3rd period - Stopped by Harru Sateri with a rebound.
1:06 of 3rd period - Snap shot by John Quenneville.
1:06 of 3rd period - Deflect By Tyler Bertuzzi.
1:06 of 3rd period - Stopped by Harru Sateri with a rebound.
1:14 of 3rd period - Slapshot by Slava Voynov.
1:14 of 3rd period - Stopped by Harru Sateri with a rebound.
1:28 of 3rd period - Snap shot by Carter Ashton.
1:28 of 3rd period - Shot Misses the Net.
1:30 of 3rd period - Snap shot by Andreas Athanasiou.
1:30 of 3rd period - Stopped by Harru Sateri with a rebound.
1:32 of 3rd period - Slapshot by Madison Bowey.
1:32 of 3rd period - Stopped by Harru Sateri with a rebound.
2:37 of 3rd period - Snap shot by Tyler Bertuzzi.
2:37 of 3rd period - Stopped by Harru Sateri with a rebound.
2:55 of 3rd period - Minor Penalty to Brett Kulak for Holding.
2:56 of 3rd period - Robbie Earl wins face-off versus Brian Boyle in Punishers zone.
3:01 of 3rd period - Snap shot by Jordan LaVallee.
3:01 of 3rd period - Shot Misses the Net.
3:03 of 3rd period - Slapshot by Brayden McNabb.
3:03 of 3rd period - Deflect By Brandon Kozun.
3:03 of 3rd period - Goal by Brandon Kozun - Ice Dragons : 2 - Punishers : 7.
3:04 of 3rd period - Radek Faksa wins face-off versus Brian Boyle in neutral zone.
3:16 of 3rd period - Icing by Jordan LaVallee.
3:17 of 3rd period - Miikka Salomaki wins face-off versus Brian Boyle in Ice Dragons zone.
3:29 of 3rd period - Off-side.
3:30 of 3rd period - Brian Boyle wins face-off versus Radek Faksa in neutral zone.
3:39 of 3rd period - Wrist shot by Jordan LaVallee.
3:39 of 3rd period - Stopped by Louis Domingue with a rebound.
4:02 of 3rd period - Slapshot by Elias Lindholm.
4:02 of 3rd period - Deflect By Andreas Athanasiou.
4:02 of 3rd period - Shot Misses the Net.
4:02 of 3rd period - Puck is out of play.
4:03 of 3rd period - Brian Boyle wins face-off versus Elias Lindholm in Ice Dragons zone.
4:51 of 3rd period - Slapshot by Slava Voynov.
4:51 of 3rd period - Deflect By Logan MacMillan.
4:51 of 3rd period - Stopped by Harru Sateri with a rebound.
6:03 of 3rd period - Robbie Earl is hit by Boone Jenner and loses puck.
6:15 of 3rd period - Off-side.
6:16 of 3rd period - Sam Carrick wins face-off versus John Quenneville in neutral zone.
6:16 of 3rd period - Sam Carrick is hit by Austen Brassard.
6:20 of 3rd period - Snap shot by Jordan LaVallee.
6:20 of 3rd period - Deflect By William Carrier.
6:20 of 3rd period - Stopped by Louis Domingue with a rebound.
7:05 of 3rd period - Corban Knight is hit by Madison Bowey and loses puck.
7:25 of 3rd period - Minor Penalty to Daniel Audette for Holding Stick.
7:26 of 3rd period - Robbie Earl wins face-off versus Brian Boyle in Punishers zone.
7:26 of 3rd period - Robbie Earl is hit by Brandon Kozun.
7:36 of 3rd period - Snap shot by Brayden McNabb.
7:36 of 3rd period - Stopped by Louis Domingue without a rebound.
7:37 of 3rd period - Brian Boyle wins face-off versus Robbie Earl in Punishers zone.
7:38 of 3rd period - Snap shot by Jordan LaVallee.
7:38 of 3rd period - Goal by Jordan LaVallee - Ice Dragons : 3 - Punishers : 7.
7:39 of 3rd period - Robbie Earl wins face-off versus Brian Boyle in neutral zone.
8:01 of 3rd period - Minor Penalty to Brayden McNabb for Tripping.
8:02 of 3rd period - Jordan LaVallee wins face-off versus Radek Faksa in Ice Dragons zone.
8:27 of 3rd period - Kevin Connauton is hit by Elias Lindholm and loses puck.
10:01 of 3rd period - Penalty to Brayden McNabb is over, Brayden McNabb is back on ice.
10:18 of 3rd period - Robin Norell is hit by Austen Brassard and loses puck.
10:30 of 3rd period - Icing by Logan MacMillan.
10:31 of 3rd period - Daniel Audette wins face-off versus Chris Wagner in Ice Dragons zone.
10:32 of 3rd period - Wrist shot by Nikita Gusev.
10:32 of 3rd period - Stopped by Harru Sateri with a rebound.
10:34 of 3rd period - Slapshot by Keith Yandle.
10:34 of 3rd period - Stopped by Harru Sateri without a rebound.
10:35 of 3rd period - Brian Boyle wins face-off versus Radek Faksa in Ice Dragons zone.
10:42 of 3rd period - Slapshot by Zach Trotman.
10:42 of 3rd period - Shot Blocked by Keith Yandle.
10:44 of 3rd period - Snap shot by Zach Trotman.
10:44 of 3rd period - Stopped by Louis Domingue without a rebound.
10:45 of 3rd period - Brian Boyle wins face-off versus Radek Faksa in Punishers zone.
11:11 of 3rd period - Off-side.
11:12 of 3rd period - Elias Lindholm wins face-off versus Boone Jenner in neutral zone.
11:42 of 3rd period - Wrist shot by Corban Knight.
11:42 of 3rd period - Deflect By Keith Yandle.
11:42 of 3rd period - Shot Blocked by Tyler Bertuzzi.
11:42 of 3rd period - Puck is out of play.
11:43 of 3rd period - Corban Knight wins face-off versus Radek Faksa in Punishers zone.
11:46 of 3rd period - Snap shot by Logan MacMillan.
11:46 of 3rd period - Shot Misses the Net.
11:53 of 3rd period - Slava Voynov is hit by Zach Trotman and loses puck.
12:12 of 3rd period - Slapshot by Carter Ashton.
12:12 of 3rd period - Stopped by Harru Sateri with a rebound.
12:14 of 3rd period - Slapshot by Slava Voynov.
12:14 of 3rd period - Deflect By Jordan LaVallee.
12:14 of 3rd period - Stopped by Harru Sateri with a rebound.
12:16 of 3rd period - Slapshot by Andreas Athanasiou.
12:16 of 3rd period - Goal by Andreas Athanasiou - Ice Dragons : 3 - Punishers : 8.
12:17 of 3rd period - Miikka Salomaki wins face-off versus Brian Boyle in neutral zone.
12:32 of 3rd period - Slapshot by Kevin Connauton.
12:32 of 3rd period - Shot Misses the Net.
12:44 of 3rd period - Andreas Athanasiou is hit by Billy Sweat and loses puck.
12:51 of 3rd period - Slapshot by Madison Bowey.
12:51 of 3rd period - Shot Blocked by Kevin Connauton.
12:53 of 3rd period - Slapshot by Madison Bowey.
12:53 of 3rd period - Shot Misses the Net.
12:55 of 3rd period - Wrist shot by Andreas Athanasiou.
12:55 of 3rd period - Stopped by Harru Sateri with a rebound.
13:01 of 3rd period - Minor Penalty to Boone Jenner for High sticking.
13:02 of 3rd period - Jordan LaVallee wins face-off versus Radek Faksa in Ice Dragons zone.
13:15 of 3rd period - Adam Clendening is hit by Robbie Earl and loses puck.
14:18 of 3rd period - Minor Penalty to Robbie Earl for Hooking.
14:19 of 3rd period - Jordan LaVallee wins face-off versus John Macfarland in Punishers zone.
14:30 of 3rd period - Wrist shot by Miikka Salomaki.
14:30 of 3rd period - Stopped by Harru Sateri without a rebound.
14:31 of 3rd period - John Macfarland wins face-off versus Jordan LaVallee in Ice Dragons zone.
14:38 of 3rd period - Snap shot by Slava Voynov.
14:38 of 3rd period - Deflect By Miikka Salomaki.
14:38 of 3rd period - Shot Blocked by Jordan LaVallee.
14:38 of 3rd period - Puck is out of play.
14:39 of 3rd period - Jordan LaVallee wins face-off versus Miikka Salomaki in Ice Dragons zone.
14:46 of 3rd period - Snap shot by Brian Boyle.
14:46 of 3rd period - Goal by Brian Boyle - Ice Dragons : 4 - Punishers : 8.
14:47 of 3rd period - Jordan LaVallee wins face-off versus John Macfarland in neutral zone.
15:01 of 3rd period - Penalty to Boone Jenner is over, Boone Jenner is back on ice.
15:14 of 3rd period - Slapshot by Kevin Connauton.
15:14 of 3rd period - Stopped by Louis Domingue with a rebound.
15:53 of 3rd period - Icing by Jordan LaVallee.
15:54 of 3rd period - Radek Faksa wins face-off versus Brian Boyle in Ice Dragons zone.
16:18 of 3rd period - Penalty to Robbie Earl is over, Robbie Earl is back on ice.
16:31 of 3rd period - Snap shot by Corban Knight.
16:31 of 3rd period - Deflect By Logan MacMillan.
16:31 of 3rd period - Shot Misses the Net.
16:31 of 3rd period - Puck is out of play.
16:32 of 3rd period - Corban Knight wins face-off versus Elias Lindholm in Punishers zone.
16:33 of 3rd period - Slapshot by Logan MacMillan.
16:33 of 3rd period - Shot Blocked by Brett Kulak.
16:47 of 3rd period - Brett Kulak is hit by Logan MacMillan and loses puck.
16:51 of 3rd period - Icing by Brett Kulak.
16:52 of 3rd period - Brian Boyle wins face-off versus Elias Lindholm in Punishers zone.
16:53 of 3rd period - Slapshot by Jordan LaVallee.
16:53 of 3rd period - Stopped by Louis Domingue without a rebound.
16:54 of 3rd period - Radek Faksa wins face-off versus Brian Boyle in Punishers zone.
17:04 of 3rd period - Snap shot by Brandon Kozun.
17:04 of 3rd period - Stopped by Louis Domingue with a rebound.
17:47 of 3rd period - Brett Kulak is hit by Corban Knight and loses puck.
18:18 of 3rd period - Minor Penalty to Brian Boyle for Tripping.
18:19 of 3rd period - Jordan LaVallee wins face-off versus Radek Faksa in Ice Dragons zone.
19:49 of 3rd period - Wrist shot by Radek Faksa.
19:49 of 3rd period - Shot Blocked by Zach Trotman.
Goals for this period are 4 for Ice Dragons vs 2 for Punishers.
Shots for this period are 11 for Ice Dragons vs 17 for Punishers.
Back to the Top